Map: Acropolis LE

Players

Gerald - Winner!

  • Race: Protoss Protoss
  • Spawn Location: 5:00

Namshar

  • Race: Zerg Zerg
  • Spawn Location: 11:00

Event: 2019 WCS Summer

VOD

Have the link to the VOD?

Description

Time

  • Played on: July 12, 2019, 3:01 p.m.
  • Length: 24:26

All games in this series

Show
View Real Time Build Order
Export as new Build Order

Gerald Protoss - Winner!

Build Orders: 1 Gate Expand, Chargelot Immortal 

Get SALT Encoding   

  12  0:00  Probe  
  13  0:12  Probe  
  14  0:21  Pylon  
  14  0:24  Probe  
  15  0:29  Assimilator  
  15  0:36  Probe  
  16  0:44  Probe, Gateway  
  17  0:53  Probe  
  18  1:05  Probe  
  19  1:17  Probe  
  20  1:24  Nexus  
  20  1:31  Cybernetics Core  
  20  1:34  Probe  
  21  1:42  Assimilator  
  21  1:46  Probe  
  22  1:49  Pylon  
  22  1:58  Probe, Adept  
  25  2:10  Probe  
  25  2:11  Robotics Facility  
  25  2:14  Warp Gate  
  26  2:18  Stalker  
  26  2:23  Probe  
  29  2:35  Probe  
  30  2:38  Probe  
  31  2:47  Probe  
  31  2:49  Warp Prism  
  31  2:50  Probe  
  33  2:51  Adept  
  35  2:59  Probe  
  35  3:03  Probe  
  39  3:11  Probe  
  40  3:15  Probe  
  40  3:17  Gateway  
  40  3:18  Pylon  
  41  3:23  Probe  
  41  3:26  Immortal  
  43  3:27  Probe  
  43  3:35  Probe  
  43  3:39  Probe  
  49  3:47  Probe, Pylon  
  50  3:51  Probe  
  51  3:55  Assimilator  
  51  3:57  Assimilator  
  51  3:59  Probe  
  52  4:02  Sentry  
  52  4:05  Probe  
  55  4:11  Probe  
  55  4:12  Immortal  
  60  4:17  Probe, Pylon  
  60  4:24  Probe  
  62  4:35  Probe  
  62  4:36  Probe, Twilight Council  
  64  4:41  Adept x2  
  68  4:47  Forge, Probe  
  68  4:48  Probe  
  70  4:55  Nexus  
  70  4:57  Pylon  
  70  5:02  Pylon  
  70  5:04  Forge  
  70  5:15  Probe  
  70  5:16  Observer, Charge  
  70  5:17  Templar Archives  
  70  5:20  Probe  
  73  5:22  Zealot x2  
  73  5:25  Protoss Ground Weapons Level 1  
  73  5:27  Probe  
  78  5:31  Pylon  
  78  5:32  Probe  
  79  5:39  Probe, Gateway x2  
  80  5:44  Probe  
  80  5:47  Immortal  
  85  6:02  Probe  
  82  6:04  Stargate  
  82  6:06  Stargate  
  82  6:10  Probe x2  
  84  6:13  High Templar x2  
  84  6:15  Assimilator  
  84  6:17  Assimilator  
  88  6:19  Probe  
  88  6:20  Pylon  
  89  6:27  Probe  
  89  6:29  Psionic Storm, Immortal  
  89  6:30  Pylon  
  94  6:38  Probe x2  
  92  6:40  Probe  
  93  6:49  Phoenix x2  
  93  6:50  Probe, Adept x4  
  105  7:03  Gateway  
  105  7:04  Gateway  
  105  7:08  Probe, Immortal  
  110  7:11  Phoenix x2  
  104  7:15  Shield Battery  
  104  7:20  Photon Cannon  
  104  7:25  High Templar  
  104  7:28  Protoss Ground Weapons Level 2  
  106  7:34  Archon  
  106  7:36  Stalker x2  
  97  7:44  High Templar  
  97  7:47  Warp Prism  
  99  7:52  Probe  
  99  7:57  Probe  
  101  8:01  High Templar  
  101  8:02  Zealot x4  
  101  8:04  Probe x2  
  113  8:06  Pylon  
  113  8:09  Phoenix  
  113  8:11  Probe  
  116  8:16  Probe  
  116  8:18  Probe  
  118  8:20  Gateway  
  118  8:21  Gateway  
  118  8:23  Immortal  
  118  8:25  Probe, Pylon  
  123  8:28  Photon Cannon  
  123  8:29  High Templar x2  
  123  8:32  Pylon  
  127  8:36  Nexus  
  127  8:38  High Templar  
  127  8:39  Zealot, Pylon  
  131  8:48  Zealot, High Templar  
  135  8:53  Photon Cannon  
  135  8:56  Probe  
  135  9:02  Observer, Zealot x3  
  143  9:08  Zealot  
  145  9:12  Zealot  
  145  9:16  Probe  
  148  9:28  Photon Cannon, Immortal  
  148  9:29  Photon Cannon  
  148  9:30  Shield Battery  
  148  9:31  Shield Battery  
  148  9:35  Assimilator  
  148  9:38  Assimilator, Probe x2  
  153  9:41  Fleet Beacon  
  154  9:46  Zealot  
  154  9:54  Sentry  
  154  9:55  Stalker x4, Immortal  
  154  9:56  Zealot  
  166  10:00  Zealot  
  166  10:02  Probe  
  161  10:07  Zealot  
  155  10:19  Probe  
  154  10:25  High Templar x2  
  154  10:26  High Templar x2  
  162  10:29  Protoss Ground Weapons Level 3  
  162  10:32  Immortal  
  162  10:33  Probe x2  
  168  10:37  Photon Cannon  
  168  10:39  Shield Battery  
  168  10:57  Mothership  
  168  11:00  Pylon  
  168  11:02  Pylon  
  168  11:03  Pylon  
  168  11:05  Pylon  
  168  11:06  Tempest x2  
  168  11:12  Protoss Air Weapons Level 1, Pylon, Nexus  
  170  11:25  Probe x2  
  171  11:26  Probe  
  171  11:27  Assimilator  
  171  11:31  Assimilator  
  169  11:34  Pylon  
  169  11:35  High Templar x4  
  161  11:47  Zealot  
  161  11:48  Zealot x3  
  161  11:49  Tempest x2  
  149  11:57  Archon  
  149  11:58  Archon  
  155  12:09  Zealot x5  
  155  12:10  Zealot x3  
  138  12:31  Stalker x8, Tempest  
  138  12:33  Tempest  
  149  12:56  Zealot x2, High Templar  
  149  12:57  Zealot x4  
  163  13:10  Probe x2  
  165  13:14  Tempest, Warp Prism  
  165  13:16  Tempest  
  165  13:17  Photon Cannon  
  165  13:19  Photon Cannon  
  175  13:21  Photon Cannon  
  175  13:22  Shield Battery  
  175  13:23  Probe, Shield Battery  
  175  13:24  Gateway  
  175  13:26  Shield Battery  
  178  13:30  High Templar x2, Protoss Shields Level 1  
  182  13:34  Zealot x5  
  182  13:35  Photon Cannon  
  192  13:44  Protoss Air Weapons Level 2  
  192  13:52  High Templar  
  184  13:56  Zealot x4  
  184  13:57  Tempest  
  184  14:00  Probe  
  184  14:02  Observer  
  195  14:17  Zealot  
  195  14:18  Zealot x2  
  186  14:52  Probe  
  186  14:55  Robotics Bay  
  186  14:56  Zealot x7  
  147  15:23  Tempest x2  
  147  15:24  Zealot x8  
  147  15:26  Immortal  
  177  15:29  Stargate x2  
  177  15:49  Stalker x8  
  172  15:56  Carrier x2  
  154  16:04  Disruptor  
  154  16:09  Carrier x2  
  163  16:14  High Templar x5  
  163  16:17  Blink  
  171  16:18  Nexus  
  171  16:19  Protoss Shields Level 2  
  171  16:20  Pylon  
  183  16:27  High Templar  
  183  16:28  High Templar x2  
  183  16:32  Assimilator  
  189  16:33  Pylon  
  189  16:36  Archon  
  189  16:37  Nexus  
  189  16:38  Probe  
  190  16:41  Assimilator  
  190  16:42  Photon Cannon, Shield Battery  
  190  16:43  Probe  
  190  16:45  Assimilator  
  190  16:46  Protoss Air Weapons Level 3  
  191  16:49  Zealot  
  191  16:50  Zealot x3, Assimilator  
  197  17:08  Warp Prism  
  197  17:14  Photon Cannon  
  199  17:16  Photon Cannon  
  199  17:17  Photon Cannon  
  199  17:19  Shield Battery  
  199  17:20  Shield Battery  
  199  17:37  Photon Cannon  
  191  17:38  Photon Cannon  
  191  17:40  Photon Cannon  
  191  17:43  Shield Battery  
  178  17:44  Disruptor  
  178  17:45  Oracle  
  178  17:49  High Templar x2  
  178  17:50  High Templar x5  
  198  17:54  Archon x3  
  179  18:20  Disruptor  
  182  18:28  Robotics Facility  
  182  18:44  Gateway  
  182  18:46  Nexus  
  182  18:47  Gateway, Pylon  
  182  18:48  Gateway  
  182  18:51  Gateway  
  182  18:53  Gateway  
  182  18:54  Oracle  
  182  18:55  Disruptor  
  182  18:57  Mothership  
  193  19:04  Zealot x3  
  195  19:19  Zealot x2  
  183  19:44  Zealot x10  
  191  20:04  Oracle  
  191  20:05  Carrier x3  
  200  20:11  Zealot x4  
  200  20:15  Photon Cannon, Shield Battery  
  192  20:55  Zealot x4  
  195  20:59  Zealot x2  
  199  21:10  Zealot x2  
  199  21:11  Zealot  
  199  21:12  Zealot  
  199  21:13  Protoss Shields Level 3  
  197  21:39  Assimilator x2  
  197  21:41  Pylon  
  187  21:48  Disruptor  
  190  21:56  Carrier  
  190  21:58  Zealot x2  
  190  21:59  Zealot x2  
  200  22:21  Stalker  
  194  22:35  Zealot x3  
  192  22:44  Zealot  
  192  22:45  Zealot x3  
  196  22:57  Disruptor  
  197  23:01  Zealot x3  
  197  23:04  Gateway  
  197  23:05  Gateway x2  
  199  23:07  Gateway  
  199  23:26  Zealot x3  
  199  23:27  Zealot x2  
  200  23:32  Zealot x4  
  200  23:33  Zealot  
  141  23:54  Zealot  
  141  23:55  Zealot x12  
  188  24:04  Observer  
  187  24:12  Zealot x4  
  184  24:21  Zealot  
  184  24:22  Zealot x4  
Show
View Real Time Build Order
Export as new Build Order

Namshar Zerg 

Build Orders: Hatch First, Brood Lord Corruptor, Muta Ling Bane 

Get SALT Encoding   

  12  0:00  Drone  
  13  0:12  Overlord  
  13  0:17  Drone  
  14  0:30  Drone x2  
  16  0:47  Hatchery  
  15  0:50  Drone  
  15  0:54  Drone  
  17  0:58  Drone  
  18  1:09  Extractor  
  17  1:12  Spawning Pool  
  17  1:15  Drone  
  17  1:18  Drone  
  18  1:28  Drone  
  19  1:38  Drone  
  20  1:49  Drone  
  21  1:58  Queen  
  21  1:59  Queen  
  21  2:00  Zergling x2  
  21  2:01  Overlord  
  26  2:10  Drone  
  26  2:11  Drone  
  28  2:21  Drone x2  
  30  2:26  Hatchery  
  29  2:32  Drone  
  29  2:34  Pneumatized Carapace  
  30  2:42  Queen  
  32  2:45  Overlord  
  32  2:49  Drone  
  33  2:51  Drone  
  33  2:53  Drone  
  33  2:54  Drone  
  36  3:06  Zergling x2  
  36  3:09  Drone x4  
  36  3:12  Drone  
  42  3:13  Drone  
  42  3:16  Overlord  
  43  3:20  Overlord  
  43  3:29  Lair  
  43  3:30  Drone  
  43  3:32  Extractor  
  43  3:33  Extractor  
  42  3:34  Drone, Roach Warren  
  42  3:35  Drone  
  43  3:41  Drone  
  43  3:42  Drone x2  
  43  3:45  Drone x2  
  48  3:52  Drone  
  48  3:55  Metabolic Boost  
  49  3:57  Drone x3  
  52  4:03  Overlord  
  52  4:07  Drone x2  
  54  4:12  Queen  
  56  4:19  Roach x5  
  65  4:26  Spore Crawler  
  63  4:35  Roach x2  
  63  4:37  Drone  
  63  4:38  Overlord  
  68  4:39  Glial Reconstitution  
  68  4:40  Drone x2  
  68  4:45  Drone x2, Overlord x2  
  72  4:48  Overseer  
  72  4:52  Drone x2  
  73  4:53  Drone  
  74  5:01  Drone  
  74  5:06  Overlord  
  75  5:10  Drone  
  75  5:11  Drone x7  
  83  5:18  Drone  
  83  5:20  Extractor  
  83  5:22  Spire  
  83  5:24  Drone  
  83  5:25  Drone x3  
  83  5:27  Extractor  
  85  5:29  Extractor  
  85  5:30  Overlord  
  85  5:31  Overlord  
  85  5:32  Roach  
  86  5:38  Drone  
  86  5:40  Evolution Chamber  
  86  5:42  Overseer  
  86  5:46  Zergling x8, Roach  
  86  5:49  Drone x7  
  97  6:10  Drone  
  97  6:11  Zerg Missile Weapons Level 1  
  98  6:13  Overlord  
  98  6:14  Drone, Overlord  
  98  6:16  Drone  
  98  6:18  Zergling x6  
  103  6:19  Hatchery  
  103  6:25  Queen  
  102  6:28  Hatchery  
  103  6:33  Overlord x2  
  103  6:38  Mutalisk x5, Drone  
  114  6:40  Mutalisk x4  
  122  6:49  Hatchery  
  121  6:59  Drone x2  
  121  7:01  Hydralisk Den  
  122  7:03  Baneling Nest  
  118  7:15  Drone  
  118  7:16  Drone x2  
  118  7:20  Overseer  
  120  7:23  Drone  
  120  7:24  Evolution Chamber  
  120  7:25  Infestation Pit, Drone  
  120  7:26  Drone x9  
  125  7:45  Drone x6  
  129  7:57  Centrifical Hooks, Grooved Spines  
  129  7:58  Zerg Melee Weapons Level 1  
  127  8:01  Queen  
  127  8:04  Drone, Hive  
  128  8:05  Drone  
  128  8:07  Hatchery, Spine Crawler, Spire  
  126  8:17  Overlord x2  
  126  8:18  Overlord  
  126  8:20  Extractor  
  126  8:21  Drone x2, Extractor  
  126  8:24  Zergling x6  
  126  8:25  Zergling x14  
  126  8:26  Zerg Missile Weapons Level 2  
  136  8:28  Hatchery  
  136  8:29  Burrow  
  136  8:32  Drone, Spine Crawler x2  
  134  8:35  Baneling  
  134  8:36  Baneling x10  
  134  8:42  Hydralisk x4  
  142  8:50  Hydralisk x4  
  150  8:58  Drone  
  150  9:00  Drone  
  150  9:01  Drone  
  150  9:02  Queen  
  155  9:09  Muscular Augments  
  149  9:13  Drone  
  146  9:17  Spore Crawler  
  146  9:18  Drone  
  146  9:19  Greater Spire  
  146  9:20  Hydralisk x8, Spine Crawler  
  146  9:21  Spine Crawler  
  159  9:35  Hydralisk x2, Zergling x4  
  165  9:40  Overlord x4  
  165  9:56  Corruptor x3  
  171  10:03  Corruptor x2  
  149  10:22  Overlord  
  149  10:25  Hatchery  
  148  10:30  Hydralisk x3  
  148  10:31  Zergling x32  
  148  10:34  Brood Lord x3  
  174  10:37  Brood Lord  
  176  10:43  Brood Lord  
  176  10:48  Hydralisk, Zergling x6  
  183  10:55  Corruptor x4  
  190  11:00  Baneling  
  190  11:02  Zerg Melee Weapons Level 2  
  190  11:03  Zerg Missile Weapons Level 3, Adrenal Glands  
  190  11:05  Zergling x14  
  193  11:28  Hatchery  
  191  11:40  Zergling x18  
  191  11:44  Corruptor x4  
  191  11:46  Hatchery, Spine Crawler  
  180  11:48  Spore Crawler  
  180  11:49  Spine Crawler  
  180  11:50  Spine Crawler  
  180  11:51  Hydralisk, Zergling x14  
  180  11:52  Zergling x10  
  173  12:14  Hydralisk  
  173  12:15  Zergling x20  
  168  12:21  Zergling x12  
  168  12:26  Hydralisk  
  148  12:32  Hydralisk, Zergling x2  
  148  12:33  Zergling x2  
  148  12:36  Drone  
  148  12:37  Overseer x2  
  150  12:43  Corruptor  
  150  12:44  Corruptor x3  
  145  12:51  Hydralisk  
  145  12:52  Hydralisk x3  
  149  12:59  Hydralisk x2  
  137  13:14  Pathogen Glands  
  134  13:20  Hydralisk x2, Brood Lord x4  
  134  13:21  Hydralisk x4  
  134  13:22  Zergling x20  
  164  13:27  Extractor x2  
  164  13:30  Spore Crawler  
  164  13:32  Drone x2  
  164  13:33  Corruptor x2  
  167  13:36  Baneling x5, Spore Crawler x2  
  165  13:53  Zerg Ground Armor Level 1, Zerg Melee Weapons Level 3  
  165  13:55  Infestor x3  
  163  13:57  Infestor x2  
  163  13:58  Infestor  
  175  14:03  Drone x4  
  175  14:07  Baneling  
  175  14:08  Baneling  
  179  14:15  Brood Lord x2  
  183  14:22  Drone x2  
  183  14:24  Drone  
  186  14:26  Infestor  
  186  14:30  Spine Crawler x2  
  186  14:31  Spine Crawler  
  185  14:32  Overseer  
  185  14:33  Overseer x3  
  170  15:01  Corruptor x7  
  162  15:17  Hydralisk x6  
  162  15:18  Zergling x2  
  162  15:20  Infestor  
  170  15:30  Zerg Flyer Weapons Level 1, Lair  
  168  15:37  Drone  
  168  15:38  Spawning Pool  
  168  15:40  Hydralisk x2  
  136  15:58  Hydralisk  
  136  15:59  Hydralisk x6  
  148  16:11  Infestor  
  148  16:12  Infestor x4  
  158  16:20  Drone x7  
  165  16:26  Drone x3  
  165  16:29  Infestor  
  170  16:34  Brood Lord  
  170  16:35  Overlord  
  170  16:37  Overlord  
  172  16:42  Drone x2  
  172  16:43  Drone x2  
  176  16:47  Hive  
  176  16:54  Zergling x10  
  181  17:01  Brood Lord  
  181  17:05  Hydralisk x2  
  181  17:06  Zergling x8  
  191  17:09  Overlord  
  191  17:10  Overlord  
  191  17:23  Overlord x2  
  191  17:24  Spore Crawler  
  191  17:30  Brood Lord x3  
  191  17:31  Overlord  
  192  17:38  Corruptor x2  
  196  17:44  Overseer x2  
  196  17:45  Overseer  
  181  18:07  Hydralisk x4  
  181  18:08  Zergling x12  
  195  18:14  Corruptor  
  197  18:25  Overlord  
  197  18:27  Overlord x5  
  197  18:29  Overseer  
  197  18:30  Overseer  
  197  18:31  Overseer x2, Zerg Flyer Weapons Level 2  
  197  18:43  Zerg Ground Armor Level 2  
  197  18:46  Hatchery  
  196  18:49  Baneling x9, Extractor  
  196  18:55  Spore Crawler x2  
  190  18:56  Spore Crawler  
  190  18:57  Spore Crawler  
  190  18:58  Spore Crawler  
  187  19:04  Spore Crawler  
  187  19:07  Spore Crawler  
  185  19:12  Corruptor x3  
  180  19:38  Overlord x3  
  176  19:43  Queen  
  170  19:52  Drone x2  
  165  19:58  Drone  
  165  19:59  Drone  
  163  20:08  Infestation Pit  
  163  20:11  Zergling x20  
  163  20:12  Zergling x14  
  179  20:15  Corruptor  
  179  20:20  Extractor  
  178  20:23  Drone x3  
  178  20:24  Drone x3  
  178  20:36  Drone  
  178  20:37  Drone x8  
  178  20:45  Corruptor x5  
  175  21:00  Spine Crawler x2  
  175  21:01  Infestor x8  
  175  21:02  Spore Crawler  
  175  21:03  Spine Crawler  
  187  21:08  Hydralisk, Spore Crawler  
  187  21:09  Zergling x2, Spore Crawler  
  172  21:18  Corruptor  
  172  21:25  Hydralisk  
  172  21:26  Zergling x14  
  172  21:32  Hydralisk  
  180  21:33  Zergling x6  
  179  21:56  Overseer  
  179  21:57  Overseer x4  
  179  21:58  Overseer  
  176  22:04  Infestor  
  176  22:05  Zergling x32  
  194  22:20  Hatchery  
  194  22:22  Spore Crawler x2  
  186  22:27  Overlord x2  
  169  22:46  Hydralisk  
  169  22:47  Zergling x18  
  168  23:19  Infestor x3  
  139  23:52  Zergling x12  
  139  23:53  Zergling x14  
Tags
 
Add a new tag
Caveats
  • Supply blocks, unpowered buildings, or Contaminate may cause inaccurate times.
  • Supply counts are checked every 10 seconds.